 Dungeon Crawl Stone Soup version 0.25-a0-316-gd28d56f9c5 (webtiles) character file.

Game seed: 870876007687585526, levelgen mode: classic

4622 Borgoz the Carver (level 10, -1/61 HPs)
             Began as a Gargoyle Berserker on Dec 24, 2019.
             Was an Elder of Trog.
             Slain by Erolcha
             ... wielding a +0 giant club
              (19 damage)
             ... on level 9 of the Dungeon.
             The game lasted 00:12:00 (8217 turns).

Borgoz the Carver (Gargoyle Berserker)              Turns: 8217, Time: 00:12:01

Health: -1/61      AC: 19    Str: 22    XL:     10   Next: 42%
Magic:  0/10       EV: 14    Int:  7    God:    Trog [****..]
Gold:   466        SH:  0    Dex: 12    Spells: 9/9 levels left

rFire    . . .     SeeInvis .   N - +5 falchion (curse)
rCold    . . .     Gourm    .   (no shield)
rNeg     + . .     Faith    .   y - +0 scale mail
rPois    ∞         Spirit   +   u - +0 helmet
rElec    +         Reflect  .   (no cloak)
rCorr    .         Harm     .   x - +0 pair of gloves (curse)
MR       .....                  e - +0 pair of boots
Stlth    ..........             L - amulet of guardian spirit
HPRegen  0.20/turn              (no ring)
MPRegen  0.12/turn              (no ring)

@: no status effects
A: negative energy resistance 1, electricity resistance, unbreathing,
petrification resistance, rot immunity, AC +7
a: Berserk, Trog's Hand, Brothers in Arms, Renounce Religion


You were on level 9 of the Dungeon.
You worshipped Trog.
Trog was greatly pleased with you.
You were hungry.

You visited 1 branch of the dungeon, and saw 9 of its levels.

You collected 466 gold pieces.

Inventory:

Hand Weapons
 A - a +2 long sword of holy wrath
 N - a cursed +5 falchion (weapon)
Armour
 e - a +0 pair of boots (worn)
 u - a +0 helmet (worn)
 x - a cursed +0 pair of gloves (worn)
 y - a +0 scale mail (worn)
Jewellery
 D - an uncursed ring of ice
 L - an amulet of guardian spirit (around neck)
Wands
 m - a wand of clouds (2)
 w - a wand of digging (4)
 E - a wand of flame (15)
 I - a wand of enslavement (9)
 K - a wand of acid (13)
 M - a wand of polymorph (8)
Scrolls
 a - a scroll of fear {unknown}
 d - 6 scrolls of teleportation
 f - 2 scrolls of blinking {unknown}
 j - 2 scrolls of magic mapping {unknown}
 k - a scroll of amnesia {unknown}
 p - a scroll of brand weapon {unknown}
 t - 2 scrolls of remove curse {unknown}
 z - 3 scrolls of enchant armour {unknown}
 B - a scroll of enchant weapon {unknown}
 F - 4 scrolls of fog {unknown}
 G - a scroll of vulnerability {unknown}
 J - 2 scrolls of identify
 P - a scroll of random uselessness {unknown}
Potions
 b - a potion of berserk rage
 g - 3 potions of agility
 h - a potion of brilliance {unknown}
 i - a potion of magic {unknown}
 l - 2 potions of lignification {unknown}
 n - 2 potions of curing {unknown}
 o - a potion of mutation {unknown}
 q - 2 potions of cancellation
 r - 4 potions of might
 s - 3 potions of heal wounds
 v - 7 potions of flight
 C - a potion of haste
 H - a potion of invisibility {unknown}
Comestibles
 c - 25 rations


   Skills:
 + Level 6.8 Fighting
 + Level 8.6 Long Blades
 + Level 7.2 Armour
 + Level 7.5 Dodging


You had 9 spell levels left.
You didn't know any spells.
Your spell library was empty.

Dungeon Overview and Level Annotations

Branches:
Dungeon (9/15)             Temple (0/1) D:7             Orc (0/2) D:9
   Lair: D:8-11

Altars:
Dithmenos
Elyvilon
Fedhas
Qazlal
Sif Muna
Vehumet
Yredelemnul
Zin

Shops:
D:9 ?*

Annotations:
D:8 1 runed translucent door, Lanoc's ghost, novice TrMo
D:9 2 transporters, Erolcha


Innate Abilities, Weirdness & Mutations

You are resistant to torment.
Your stone body is resilient. (AC +7)
You are immune to poison.
You resist negative energy. (rN+)
You are resistant to electric shocks. (rElec)
You can survive without breathing.
You are immune to petrification.
You are immune to rotting.


Message History

No target in view!
You hit something.
Your scale mail prevents you from hitting something.
Something hits you.
You hit something.
You hear some strange, mumbled words.
A bolt of lightning appears from out of thin air!
The bolt of lightning hits you! You resist.
You miss something. Something hits you.
You barely miss something. You hit something but do no damage.
Something hits you!
You closely miss something.
You hear some strange, mumbled words.
A stone arrow appears from out of thin air!
The stone arrow hits you!
You closely miss something. You hit something but do no damage.
Something hits you!
* * * LOW HITPOINT WARNING * * *
You closely miss something. Something hits you!!
You die...

#..# #..# #..#
#..# #..# #..#
#..###########
#.....@.......
#..###########
#..# #..# #..#
#..######
#..###
#........
......
#........
.....
#........ ....


There were no monsters in sight!

Vanquished Creatures
  Pikel (D:6)
  Joseph (D:8)
  A troll (D:9)
  A hippogriff (D:8)
  Sigmund (D:3)
  A hungry ghost (D:9)
  Menkaure (D:7)
  The ghost of Borgoz the Cutter, an amateur KoGl (D:3)
  A water moccasin (D:4)
  4 slaves (D:6)
  5 ogres
  3 sky beasts
  3 centaurs
  A gnoll sergeant (D:6)
  2 bullfrogs
  A wyvern zombie (D:9)
  A wyvern skeleton (D:7)
  4 scorpions
  4 wights (D:9)
  2 howler monkeys (D:7)
  3 crimson imps
  A quasit (D:8)
  A centaur zombie (D:9)
  A jelly (D:7)
  6 orc wizards
  2 hounds
  A bullfrog skeleton (D:5)
  2 orc priests
  A centaur skeleton (D:5)
  3 iguanas
  Terence (D:3)
  Natasha (thrice) (D:3)
  2 worker ants
  A hound skeleton (D:4)
  A worker ant zombie (D:6)
  A howler monkey zombie (D:8)
  Robin (D:3)
  5 gnolls (D:6)
  8 adders
  2 shadow imps
  An ooze (D:4)
  An adder skeleton (D:8)
  6 worms
  3 dart slugs
  A leopard gecko (D:5)
  11 orcs
  A ball python (D:6)
  3 giant cockroaches
  12 goblins
  8 hobgoblins
  10 jackals
  16 kobolds
  3 quokkas
  6 bats
  6 frilled lizards
  2 gnoll zombies (D:8)
  A leopard gecko skeleton (D:4)
  A quokka skeleton (D:4)
  4 rats
181 creatures vanquished.

Vanquished Creatures (others)
  3 fungi (D:8)
  2 plants (D:8)
5 creatures vanquished.

Grand Total: 186 creatures vanquished

Notes
Turn   | Place    | Note
-------+----------+-------------------------------------------
     0 | D:1      | Borgoz the Gargoyle Berserker began the quest for the Orb.
     0 | D:1      | Reached XP level 1. HP: 14/14 MP: 1/1
   313 | D:1      | Reached XP level 2. HP: 15/19 MP: 2/2
   352 | D:1      | Reached skill level 3 in Long Blades
   962 | D:2      | Reached XP level 3. HP: 21/23 MP: 3/3
  1480 | D:2      | Found a stormy altar of Qazlal.
  1761 | D:3      | Noticed Robin
  1783 | D:3      | Killed Robin
  1783 | D:3      | Reached ** piety under Trog
  1783 | D:3      | Reached XP level 4. HP: 25/28 MP: 4/4
  1870 | D:3      | Found a shadowy altar of Dithmenos.
  1871 | D:3      | Noticed Sigmund
  1886 | D:3      | Killed Sigmund
  1886 | D:3      | Reached skill level 4 in Long Blades
  1886 | D:3      | Reached XP level 5. HP: 28/32 MP: 5/5
  1886 | D:3      | Reached XP level 6. HP: 32/37 MP: 6/6
  2388 | D:3      | Found a runed translucent gate.
  2389 | D:3      | Found a runed translucent gate.
  2389 | D:3      | Noticed Borgoz's ghost (amateur KoGl)
  2390 | D:3      | Found a runed translucent gate.
  2429 | D:3      | Noticed Natasha
  2445 | D:3      | Killed Natasha
  2539 | D:3      | Noticed Natasha
  2546 | D:3      | Killed Natasha
  2701 | D:3      | Noticed Natasha
  2716 | D:3      | Killed Natasha
  2834 | D:3      | Noticed Terence
  2851 | D:3      | Killed Terence
  2860 | D:3      | Found a shimmering blue altar of Sif Muna.
  3093 | D:4      | Noticed a water moccasin
  3097 | D:4      | Found a white marble altar of Elyvilon.
  3110 | D:4      | Killed a water moccasin
  3110 | D:4      | Reached XP level 7. HP: 34/41 MP: 7/7
  3161 | D:4      | Reached skill level 5 in Long Blades
  3630 | D:5      | Entered Level 5 of the Dungeon
  3791 | D:5      | Reached XP level 8. HP: 18/48 MP: 8/8
  3792 | D:5      | Reached *** piety under Trog
  4327 | D:5      | Found a radiant altar of Vehumet.
  4334 | D:5      | Reached skill level 6 in Long Blades
  4334 | D:5      | Reached skill level 5 in Armour
  4334 | D:5      | Reached skill level 5 in Dodging
  4620 | D:6      | Noticed Pikel
  4662 | D:6      | Killed Pikel
  4662 | D:6      | Reached skill level 5 in Fighting
  4662 | D:6      | Reached XP level 9. HP: 54/54 MP: 9/9
  4741 | D:6      | Reached skill level 7 in Long Blades
  4743 | D:6      | Reached **** piety under Trog
  4990 | D:6      | Found a blossoming altar of Fedhas.
  5665 | D:7      | Noticed Menkaure
  5670 | D:7      | Killed Menkaure
  5875 | D:7      | Found a staircase to the Ecumenical Temple.
  6731 | D:8      | Noticed Joseph
  6749 | D:8      | Killed Joseph
  6749 | D:8      | Reached skill level 8 in Long Blades
  6749 | D:8      | Reached XP level 10. HP: 61/61 MP: 8/10
  6832 | D:8      | Found a runed translucent door.
  6834 | D:8      | Noticed Lanoc's ghost (novice TrMo)
  6852 | D:8      | Found a basalt altar of Yredelemnul.
  6869 | D:8      | Identified the cursed +3 spear of the Magi {pain, *Corrode
                  | rElec Int+7 Dex+3}
  7294 | D:3      | Killed Borgoz's ghost
  7591 | D:9      | Found Foaler's Assorted Antiques.
  7637 | D:9      | Found Feckudeekk's Magic Scroll Emporium.
  7758 | D:9      | Found a glowing silver altar of Zin.
  7760 | D:9      | Noticed an ogre mage
  7762 | D:9      | Found a transporter.
  7771 | D:9      | Found a transporter.
  8083 | D:9      | Found a staircase to the Orcish Mines.
  8204 | D:9      | Noticed Erolcha
  8217 | D:9      | Slain by Erolcha

Levels and vault maps discovered:
D:1:      co_arrival_random_square_maze, layout_basic
D:2:      layout_loops_ring, marbit_many_paths
D:3:      layout_basic, lemuel_doored_altar, old_standard_altar,
          gammafunk_ghost_nasty_kobolds, uniq_natasha, uniq_robin, uniq_terence,
          uniq_sigmund
D:4:      layout_basic, first_ration, serial_rivers,
          chequers_serial_rivers_room_a, chequers_serial_rivers_micro_a,
          chequers_serial_rivers_room_a, chequers_serial_rivers_small_3,
          elyvilon_altar_4
D:5:      layout_basic, vehumet_altar_wand_db
D:6:      layout_basic, overflow_temple_1_default, uniq_pikel
D:7:      layout_loops_cross, minmay_temple_entry_waves, uniq_menkaure
D:8:      layout_loops_ring, lemuel_zombie_altar_yredelemnul,
          ebering_ghost_funeral_grove, grunt_ogre_cave, uniq_joseph
D:9:      layout_long_grid, gammafunk_temple_overflow_arena,
          minmay_orc_entry_temple_small, serial_shops, shop, shop, uniq_erolcha

Skill      XL: |  1  2  3  4  5  6  7  8  9 10 |
---------------+-------------------------------+-----
Long Blades    | 3 4 5 6 8 |  8.6
Dodging        | 2 3 4 5 7 |  7.5
Armour         | 3 4 5 6 7 |  7.2
Fighting       | 4 5 6 |  6.8

Action                   |  1- 3 |  4- 6 |  7- 9 | 10-12 || total
-------------------------+-------+-------+-------+-------++-------
Melee: Falchion          |   123 |   162 |    44 |    50 ||   379
       Long sword        |       |       |   292 |    72 ||   364
       Unarmed           |       |       |       |     2 ||     2
Invok: Berserk           |     1 |     3 |     7 |     2 ||    13
       Trog's Hand       |       |       |     1 |       ||     1
Evoke: Wand              |       |       |       |     1 ||     1
  Use: Scroll            |       |     1 |     8 |       ||     9
       Potion            |       |     1 |       |       ||     1
  Eat: Chunk             |     3 |     8 |    18 |     6 ||    35
       Ration            |       |       |       |     1 ||     1
Armor: Animal skin       |    41 |    24 |       |       ||    65
       Ring mail         |       |    21 |       |       ||    21
       Scale mail        |       |    11 |   210 |    52 ||   273
       Skin              |       |     2 |       |       ||     2
Dodge: Dodged            |    84 |   115 |   235 |    70 ||   504
Block: Other             |       |    22 |    47 |       ||    69
       Rpst.: Falchion   |    25 |    40 |     7 |     3 ||    75
       Long sword        |       |       |    67 |    11 ||    78

Table legend:
 A = Non-vault XP
 B = Vault XP
 C = Vault XP percentage of total XP
 D = Non-vault monster count
 E = Vault monster count
 F = Vault count percentage of total count
                 A         B        C        D         E       F
            +---------+---------+-------+---------+---------+-------
      Total |    4526 |    2078 |  31.5 |     143 |      34 |  19.2
            +---------+---------+-------+---------+---------+-------
        D:1 |      18 |       0 |   0.0 |      10 |       0 |   0.0
        D:2 |      41 |       2 |   4.7 |      11 |       1 |   8.3
        D:3 |     153 |     508 |  76.9 |      25 |      23 |  47.9
        D:4 |     437 |       2 |   0.5 |      14 |       1 |   6.7
        D:5 |     688 |       2 |   0.3 |      26 |       1 |   3.7
        D:6 |     500 |     706 |  58.5 |      23 |       1 |   4.2
        D:7 |     595 |     183 |  23.5 |      10 |       1 |   9.1
        D:8 |     911 |     630 |  40.9 |      10 |       4 |  28.6
        D:9 |    1183 |      45 |   3.7 |      14 |       2 |  12.5
            +---------+---------+-------+---------+---------+-------
